 Dungeon Crawl Stone Soup version 0.30.0-18-gc0e69614cb (webtiles) character file.

Game seed: 16202027554793216871

1191 monsoonserge the Blocker (level 8, -10/58 HPs)
             Began as a Gnoll Wanderer on May 25, 2023.
             Was a Believer of Lugonu.
             Killed by divine providence
             ... invoked by an orc priest
              (17 damage)
             ... on level 6 of the Dungeon.
             The game lasted 00:17:07 (5232 turns).

monsoonserge the Blocker (Gnoll Wanderer)           Turns: 5232, Time: 00:17:09

Health: -10/58     AC: 16    Str:  8 (11) XL:     8   Next: 43%
Magic:  9/13       EV:  5    Int: 10 (11) God:    Lugonu [**....]
Gold:   306        SH:  6    Dex: 12 (15) Spells: 13/13 levels left

rFire   . . .        E - +1 flail (drain)
rCold   . . .        b - +0 buckler {AC+3}
rNeg    . . .        i - +0 chain mail
rPois   .            r - +0 helmet
rElec   .            H - +0 cloak
rCorr   +            c - +0 pair of gloves
SInv    .            (no boots)
Will    .....        (no amulet) Stlth
                     y - ring of resist corrosion
HPRegen 0.29/turn    (no ring)
MPRegen 0.13/turn

%: no passive effects
@: brilliant
A: fangs 1, strong nose, distributed training, mutation resistance 1
a: Renounce Religion, Depart the Abyss, Banish


You were on level 6 of the Dungeon.
You worshipped Lugonu.
Lugonu was pleased with you.
You visited 1 branch of the dungeon, and saw 6 of its levels.

You collected 306 gold pieces.

Inventory:

Hand Weapons
 n - a +2 dagger of speed
 q - a +0 vampiric short sword
 E - a +1 flail of draining (weapon)
 G - a +4 quarterstaff of chaos
Missiles
 g - 49 stones
 o - 6 boomerangs (quivered)
 B - 3 poisoned darts
Armour
 b - a +0 buckler of protection (worn)
 c - a +0 pair of gloves (worn)
 i - a +0 chain mail (worn)
 p - a +0 ring mail
 r - a +0 helmet (worn)
 u - a +0 leather armour
 v - a +0 tower shield
 A - a +0 scale mail
 H - a +0 cloak (worn)
Magical Staves
 k - a staff of poison
Jewellery
 y - a ring of resist corrosion (left hand)
 D - a +4 ring of slaying
Scrolls
 a - 3 scrolls of fear {unknown}
 f - 4 scrolls of vulnerability {unknown}
 j - 2 scrolls of silence {unknown}
 l - 2 scrolls of enchant armour {unknown}
 m - 8 scrolls of identify {unknown}
 t - 2 scrolls of teleportation {unknown}
 w - a scroll of amnesia {unknown}
 z - a scroll of enchant weapon {unknown}
 J - a scroll of magic mapping {unknown}
Potions
 d - 2 potions of curing
 e - a potion of heal wounds
 x - a potion of degeneration
 C - a potion of mutation
 F - a potion of might {unknown}
 I - a potion of attraction {unknown}


   Skills:
 + Level 3.4 Fighting
 + Level 3.4 Short Blades
 + Level 3.4 Long Blades
 + Level 3.4 Axes
 + Level 4.3 Maces & Flails
 + Level 3.4 Polearms
 + Level 3.4 Staves
 + Level 3.4 Ranged Weapons
 + Level 4.3 Throwing
 + Level 5.7 Armour
 + Level 5.7 Dodging
 + Level 3.4 Stealth
 + Level 9.2 Shields
 + Level 3.4 Unarmed Combat
 + Level 3.4 Spellcasting
 + Level 2.7 Conjurations
 + Level 2.7 Hexes
 + Level 2.7 Summonings
 + Level 2.7 Necromancy
 + Level 2.7 Translocations
 + Level 2.7 Transmutations
 + Level 2.7 Fire Magic
 + Level 2.7 Ice Magic
 + Level 2.7 Air Magic
 + Level 2.7 Earth Magic
 + Level 2.7 Poison Magic
 + Level 3.7 Invocations
 + Level 3.4 Evocations


You had 13 spell levels left.
You didn't know any spells.
Your spell library contained the following spells:

 Spells                   Type           Power      Damage    Failure   Level
 Slow                     Hex            40%        N/A       100%        1
 Ensorcelled Hibernation  Hex/Ice        20%        N/A       100%        2
 Lesser Beckoning         Tloc           20%        N/A       100%        2
 Passwall                 Tmut/Erth      8%         N/A       100%        2
 Sublimation of Blood     Necr           10%        N/A       100%        2
 Wereblood                Tmut           10%        N/A       100%        2
 Confusing Touch          Hex            10%        N/A       100%        3
 Gell's Gravitas          Tloc           10%        N/A       100%        3
 Spider Form              Tmut/Pois      10%        N/A       100%        3
 Swiftness                Air            10%        N/A       100%        3
 Teleport Other           Tloc           10%        N/A       100%        3
 Vampiric Draining        Necr           10%        2d6       100%        3
 Anguish                  Hex/Necr       5%         N/A       100%        4
 Summon Hydra             Summ           5%         N/A       100%        7


Dungeon Overview and Level Annotations

Branches:
Dungeon (6/15)
 Temple: D:4-7

Altars:
Lugonu

Annotations:
D:5 1 transporter, Whoops's ghost, amateur DsFi


Innate Abilities, Weirdness & Mutations

You have very sharp teeth.
Your uncanny sense of smell can sniff out nearby items.
Your experience applies equally to all skills.
You are somewhat resistant to further mutation.


Message History

Items here: )) [ †.
The floor.
You hit the orc priest but do no damage.
Your bite misses the orc priest.
The orc priest is severely wounded.
You hear a shout!
The orc priest barely misses you. The orc closely misses you.
Something hits you but does no damage.
The orc warrior hits you but does no damage.
The orc hits you but does no damage. x2
The orc warrior hits you but does no damage.
Something hits you but does no damage.
The orc priest hits you with a +0 short sword.
* * * LOW HITPOINT WARNING * * *
You block the orc's attack.
You hit the orc priest. You drain the orc priest.
You kill the orc priest!
Lugonu accepts your kill. The orc hits you but does no damage.
An orc priest comes into view. It is wielding a +0 whip.
The orc hits you but does no damage. Something hits you.
* * * LOW HITPOINT WARNING * * *
The orc warrior hits you but does no damage.
You barely miss the orc priest.
You bite the orc priest, but do no damage.
An orc wizard appears from thin air!
Reactivating autopickup.
The orc hits you from afar with a +0 trident.
* * * LOW HITPOINT WARNING * * *
The orc priest hits you but does no damage.
The orc barely misses you.
The orc wizard hits you but does no damage.
The orc warrior hits you but does no damage.
You barely miss the orc priest.
The orc hits you from afar with a +0 trident.
* * * LOW HITPOINT WARNING * * *
The orc wizard hits you but does no damage.
The orc priest calls down the wrath of Beogh upon you.
Beogh smites you!
You die...

.##...#.#..........
.........######
...##.#.......5. ..
#.#.#.#..### ###
#.#.#.##..##
######.#.#.......
.................
.......oooo......
.......{#@o......
.....oo.#........
........#........
........#........
...o...o#........
......[.#........
........#........
........#########


You could see an orc warrior (misshapen), an orc priest, an orc wizard and 2
orcs.

Vanquished Creatures
  A water moccasin (D:5)
  A black bear (D:4)
  2 ogres
  A phantom (D:4)
  A scorpion (D:4)
  A howler monkey (D:6)
  4 hounds
  3 orc priests
  A jelly (D:6)
  Crazy Yiuf (D:5)
  2 sleepcaps
  Jessica (D:3)
  2 iguanas
  2 orc wizards
  Robin (D:2)
  5 adders
  A shadow imp (D:6)
  An ufetubus (D:3)
  3 worms
  5 dart slugs
  19 orcs
  11 endoplasms
  2 giant cockroaches (D:2)
  14 goblins
  6 hobgoblins
  2 quokkas
  7 ball pythons
  10 frilled lizards
  15 kobolds
  5 rats
130 creatures vanquished.

Notes
Turn   | Place    | Note
-------+----------+-------------------------------------------
     0 | D:1      | monsoonserge the Gnoll Wanderer began the quest for the
                  | Orb.
     0 | D:1      | monsoonserge set off with the following items: a +0 mace, a
                  | +0 buckler of protection, a +0 pair of gloves, a potion of
                  | curing, a +0 leather armour.
     0 | D:1      | Reached XP level 1. HP: 13/13 MP: 1/1
   261 | D:1      | Reached XP level 2. HP: 19/19 MP: 2/2
   917 | D:2      | Reached XP level 3. HP: 23/25 MP: 3/3
  1021 | D:2      | Reached skill level 1 in Invocations
  1139 | D:2      | Noticed Robin
  1163 | D:2      | Reached skill level 1 in Fighting
  1163 | D:2      | Reached skill level 1 in Short Blades
  1163 | D:2      | Reached skill level 1 in Long Blades
  1163 | D:2      | Reached skill level 1 in Axes
  1163 | D:2      | Reached skill level 1 in Polearms
  1163 | D:2      | Reached skill level 1 in Staves
  1163 | D:2      | Reached skill level 1 in Ranged Weapons
  1163 | D:2      | Reached skill level 1 in Stealth
  1163 | D:2      | Reached skill level 1 in Unarmed Combat
  1163 | D:2      | Reached skill level 1 in Spellcasting
  1163 | D:2      | Reached skill level 1 in Evocations
  1185 | D:2      | Killed Robin
  1186 | D:2      | Reached XP level 4. HP: 32/32 MP: 5/5
  1730 | D:3      | Reached skill level 1 in Conjurations
  1730 | D:3      | Reached skill level 1 in Hexes
  1730 | D:3      | Reached skill level 1 in Summonings
  1730 | D:3      | Reached skill level 1 in Necromancy
  1730 | D:3      | Reached skill level 1 in Translocations
  1730 | D:3      | Reached skill level 1 in Transmutations
  1730 | D:3      | Reached skill level 1 in Fire Magic
  1730 | D:3      | Reached skill level 1 in Ice Magic
  1730 | D:3      | Reached skill level 1 in Air Magic
  1730 | D:3      | Reached skill level 1 in Earth Magic
  1730 | D:3      | Reached skill level 1 in Poison Magic
  1837 | D:3      | Reached XP level 5. HP: 36/37 MP: 5/7
  2064 | D:3      | Noticed Jessica
  2107 | D:3      | Killed Jessica
  2120 | D:3      | Reached XP level 6. HP: 23/44 MP: 8/8
  2268 | D:3      | Found a faded altar of an unknown god.
  2274 | D:3      | Prayed at the altar of an unknown god.
  2274 | D:3      | Became a worshipper of Lugonu the Unformed
  2274 | D:3      | Reached * piety under Lugonu
  2627 | D:4      | Reached skill level 5 in Armour
  2627 | D:4      | Reached skill level 5 in Dodging
  2807 | D:4      | Noticed a black bear
  2822 | D:4      | Killed a black bear
  2872 | D:4      | Reached XP level 7. HP: 46/50 MP: 10/10
  3314 | D:4      | Reached skill level 9 in Shields
  3609 | D:4      | Reached ** piety under Lugonu
  4147 | D:5      | Entered Level 5 of the Dungeon
  4221 | D:5      | Found a runed translucent door.
  4222 | D:5      | Noticed Crazy Yiuf
  4231 | D:5      | Killed Crazy Yiuf
  4523 | D:5      | Reached XP level 8. HP: 56/58 MP: 12/12
  4971 | D:5      | Noticed Whoops's ghost (amateur DsFi)
  4983 | D:5      | Found a transporter.
  4983 | D:5      | Identified the +6 great mace of Classification {pain, rC+}
  5223 | D:6      | Gained mutation: You are somewhat resistant to further
                  | mutation. [potion of mutation]
  5225 | D:6      | HP: 1/58 [orc warrior/+0 mace (3)]
  5232 | D:6      | Killed from afar by an orc priest

Illustrated notes

Levels and vault maps discovered:
D:1:      minmay_arrival_semitransparent, layout_basic, serial_park_tiny_2
D:2:      layout_rooms, roderic_serpentine_path, dreamdust_princess_bridge,
          hangedman_decor_opposing, uniq_robin
D:3:      layout_loops_ring, ebering_ecumenical_altar_rust, minmay_lizard_king,
          uniq_jessica
D:4:      minmay_bubble_buster, layout_loops_corners, nicolae_eternal_life
D:5:      layout_loops_ring, gammafunk_ghost_smash, uniq_crazy_yiuf_cottage
D:6:      layout_basic, uniq_menkaure, uniq_sigmund

Skill      XL: |  1  2  3  4  5  6  7 |
---------------+----------------------+-----
Invocations    | 1 2 3 |  3.7
Fighting       | 1 2 3 |  3.4
Short Blades   | 1 2 3 |  3.4
Long Blades    | 1 2 3 |  3.4
Axes           | 1 2 3 |  3.4
Polearms       | 1 2 3 |  3.4
Staves         | 1 2 3 |  3.4
Ranged Weapons | 1 2 3 |  3.4
Stealth        | 1 2 3 |  3.4
Unarmed Combat | 1 2 3 |  3.4
Spellcasting   | 1 2 3 |  3.4
Evocations     | 1 2 3 |  3.4
Conjurations   | 1 2 |  2.7
Hexes          | 1 2 |  2.7
Summonings     | 1 2 |  2.7
Necromancy     | 1 2 |  2.7
Translocations | 1 2 |  2.7
Transmutations | 1 2 |  2.7
Fire Magic     | 1 2 |  2.7
Ice Magic      | 1 2 |  2.7
Air Magic      | 1 2 |  2.7
Earth Magic    | 1 2 |  2.7
Poison Magic   | 1 2 |  2.7
Maces & Flails | 3 4 |  4.3
Throwing       | 3 4 |  4.3
Armour         | 5 |  5.7
Dodging        | 5 |  5.7
Shields        | 9 |  9.2

Action                     |  1- 3 |  4- 6 |  7- 9 || total
---------------------------+-------+-------+-------++-------
  Melee: Mace              |    54 |       |       ||    54
         Bite              |    12 |    47 |    26 ||    85
         Dagger            |    62 |   373 |   119 ||   554
         Flail             |       |       |   108 ||   108
  Throw: Boomerang         |       |     1 |     2 ||     3
 Invoke: Banish            |       |       |     1 ||     1
    Use: Potion            |       |       |     6 ||     6
 Armour: Chain mail        |    58 |   141 |   117 ||   316
         Leather armour    |     2 |       |       ||     2
  Dodge: Dodged            |    19 |    73 |    62 ||   154
  Block: Buckler           |    22 |    68 |    63 ||   153
